Map: Overgrowth LE (Void)

Players

Grim

  • Race: Terran Terran
  • League: Platinum
  • Spawn Location: 7:00

Amix - Winner!

  • Race: Zerg Zerg
  • League: Platinum
  • Spawn Location: 1:00

VOD

Have the link to the VOD?

Description

Time

  • Played on: Nov. 28, 2016, 12:29 p.m.
  • Length: 6:06
Show
View Real Time Build Order
Export as new Build Order

Grim Terran 

Build Orders: Reaper Expand 

Get SALT Encoding   

  12  0:01  SCV  
  13  0:13  SCV  
  14  0:17  Supply Depot  
  14  0:25  SCV  
  15  0:39  SCV  
  15  0:40  Barracks  
  16  0:51  SCV  
  16  0:54  Refinery  
  17  1:08  SCV  
  18  1:20  SCV  
  19  1:32  Orbital Command  
  19  1:37  Reaper  
  20  1:44  Command Center  
  20  1:48  Refinery  
  19  1:57  SCV  
  20  2:11  Supply Depot  
  20  2:15  Factory  
  20  2:22  SCV  
  22  2:30  Marine  
  22  2:34  SCV  
  23  2:46  SCV  
  23  2:48  Marine  
  25  2:54  Supply Depot  
  25  2:56  Orbital Command  
  26  2:58  SCV  
  26  3:05  Factory Reactor  
  26  3:06  Marine  
  26  3:08  Starport  
  27  3:13  SCV  
  28  3:25  SCV  
  28  3:26  SCV  
  30  3:28  Marine  
  31  3:37  SCV  
  32  3:42  Hellion x2  
  32  3:44  SCV  
  37  3:49  SCV  
  37  3:50  Starport Tech Lab  
  37  3:54  Factory  
  38  3:57  Refinery, SCV  
  38  4:01  SCV  
  40  4:03  Widow Mine x2  
  44  4:12  SCV  
  44  4:13  SCV  
  46  4:24  Marine, SCV  
  47  4:25  SCV  
  47  4:27  Banshee  
  47  4:30  Cloaking Field  
  52  4:36  SCV  
  52  4:37  SCV  
  54  4:44  Factory Tech Lab  
  54  4:50  Supply Depot  
  53  5:02  Bunker  
  53  5:03  Bunker  
  53  5:04  Bunker  
  53  5:12  Hellion x2, Supply Depot, Siege Tank  
Show
View Real Time Build Order
Export as new Build Order

Amix Zerg - Winner!

Build Orders: Hatch First 

Get SALT Encoding   

  12  0:01  Drone  
  13  0:09  Drone  
  14  0:17  Overlord  
  14  0:25  Drone, Extractor  
  14  0:35  Drone x2  
  17  0:55  Hatchery  
  17  0:57  Drone  
  17  1:02  Drone  
  17  1:03  Extractor  
  17  1:17  Spawning Pool  
  16  1:19  Drone  
  16  1:23  Drone  
  18  1:27  Drone  
  19  1:37  Drone  
  20  1:50  Drone  
  21  1:59  Drone  
  22  2:06  Queen  
  22  2:07  Queen  
  26  2:10  Metabolic Boost  
  26  2:13  Zergling x2  
  27  2:17  Zergling x2  
  27  2:22  Overlord  
  28  2:30  Drone, Extractor  
  28  2:45  Overlord  
  32  2:51  Drone x4  
  32  2:55  Queen  
  34  3:06  Pneumatized Carapace  
  34  3:10  Zergling x6  
  37  3:17  Overlord  
  37  3:18  Evolution Chamber  
  36  3:22  Overlord  
  36  3:24  Zergling x2  
  37  3:29  Zergling x4  
  39  3:37  Queen  
  41  3:49  Queen  
  41  3:53  Zergling x6  
  46  3:57  Overlord  
  46  4:23  Zergling x6  
  46  4:24  Zergling x14  
  56  4:38  Zergling x14  
  63  4:56  Zergling x10  
  68  5:03  Overlord  
  68  5:04  Overlord x2  
Tags
 
Add a new tag
Caveats
  • Supply blocks, unpowered buildings, or Contaminate may cause inaccurate times.
  • Supply counts are checked every 10 seconds.